 Dungeon Crawl Stone Soup version 0.28-a0-1206-g193881aaa2 (webtiles) character file.

Game seed: 11751531006980518246

554 fragbeetle the Poker (level 7, -3/55 HPs)
             Began as a Merfolk Gladiator on Dec 20, 2021.
             Was an Initiate of Qazlal.
             Slain by a two-headed ogre (20 damage)
             ... on level 5 of the Dungeon.
             The game lasted 00:12:58 (4531 turns).

fragbeetle the Poker (Merfolk Gladiator)            Turns: 4531, Time: 00:12:59

Health: -3/55      AC:  8    Str: 16    XL:     7   Next: 30%
Magic:  7/7        EV: 14    Int:  8    God:    Qazlal [......]
Gold:   184        SH:  0    Dex: 15    Spells: 6/6 levels left

rFire   . . .      SeeInvis .   a - +0 trident
rCold   . . .      Faith    .   (no shield)
rNeg    . . .      Spirit   .   b - +0 leather armour
rPois   .          Reflect  .   c - +0 helmet
rElec   .          Harm     .   k - +0 cloak
rCorr   .          Rampage  .   p - +2 pair of gloves
Will    .....                   (no boots)
Stlth   +.........              (no amulet)
HPRegen 0.18/turn               (no ring)
MPRegen 0.10/turn               (no ring)

@: no status effects
A: (nimble swimmer 2), mertail
a: Renounce Religion


You were on level 5 of the Dungeon.
You worshipped Qazlal.
Qazlal was noncommittal.
You visited 1 branch of the dungeon, and saw 5 of its levels.
You also visited: Sewer.

You collected 184 gold pieces.

Inventory:

Hand Weapons
 a - a +0 trident (weapon)
Missiles
 d - 3 throwing nets
 g - 123 stones
 r - 26 poisoned darts (quivered)
Armour
 b - a +0 leather armour (worn)
 c - a +0 helmet (worn)
 k - a +0 cloak (worn)
 p - a +2 pair of gloves (worn)
Jewellery
 w - an amulet of faith
Wands
 A - a wand of iceblast (7)
Scrolls
 e - a scroll of fog {unknown}
 f - 5 scrolls of identify {unknown}
 i - 3 scrolls of teleportation {unknown}
 l - a scroll of holy word {unknown}
 m - a scroll of amnesia {unknown}
 o - a scroll of vulnerability {unknown}
 s - a scroll of brand weapon {unknown}
 t - 2 scrolls of magic mapping {unknown}
 u - a scroll of summoning {unknown}
 y - a scroll of enchant armour {unknown}
 z - a scroll of silence {unknown}
Potions
 h - a potion of degeneration {unknown}
 j - a potion of lignification {unknown}
 n - 2 potions of heal wounds {unknown}
 q - a potion of brilliance {unknown}
 v - 2 potions of magic {unknown}
 x - a potion of flight {unknown}


   Skills:
 + Level 4.3 Fighting
 * Level 7.9 Polearms
 + Level 4.0 Throwing
 + Level 6.0 Dodging


You had 6 spell levels left.
You didn't know any spells.
Your spell library contained the following spells:

 Spells                   Type           Power      Damage    Failure   Level
 Foxfire                  Conj/Fire      0%         2x1d4     47%         1
 Conjure Flame            Conj/Fire      0%         6-21      85%         3
 Inner Flame              Hex/Fire       0%         N/A       85%         3
 Flame Wave               Conj/Fire      0%         2d4       99%         4


Dungeon Overview and Level Annotations

Branches:
Dungeon (5/15)             Temple (0/1) D:5           Sewer (visited)

Altars:
Qazlal
Ru

Annotations:
D:4 Menkaure


Innate Abilities, Weirdness & Mutations

((You are quick and stealthy near water. (Stealth+, EV+, Speed+++)))
Your lower body shifts to a powerful aquatic tail in water.


Message History

Okay, then.
Reach: a) +0 trident
Press: ? - help, Dir - move target, f - hound
Aim: a hound (about 47% to evade your +0 trident)
You reach to attack!
You barely miss the hound. The hound closely misses you.
You miss the hound. The hound barely misses you.
You puncture the hound!
The hound is heavily wounded.
The hound bites you but does no damage.
You puncture the hound!
You kill the hound!
Qazlal accepts your kill.
Your Throwing skill increases to level 4!
Your Dodging skill increases to level 6!
You see here a hound corpse.
f - 5 scrolls labelled OMIKIN YDEMYEDGH (gained 1)
r - 30 poisoned darts (gained 12)
Found a staircase to the Ecumenical Temple.
A two-headed ogre comes into view. It is wielding two +0 giant clubs.
The two-headed ogre shouts in stereo!
You throw a poisoned dart.
The poisoned dart hits the two-headed ogre.
The two-headed ogre is poisoned.
An iguana comes into view.
You throw a poisoned dart.
The poisoned dart closely misses the two-headed ogre.
You throw a poisoned dart.
The poisoned dart barely misses the two-headed ogre.
The two-headed ogre looks more healthy.
The two-headed ogre hits you with a +0 giant club!
The two-headed ogre hits you with a +0 giant club!!
You see here an adder skeleton.
You throw a poisoned dart.
The poisoned dart barely misses the two-headed ogre.
The two-headed ogre closely misses you. The two-headed ogre misses you.
You hit the two-headed ogre but do no damage.
The two-headed ogre hits you with a +0 giant club!!
Ouch! That really hurt!
The two-headed ogre hits you with a +0 giant club!!
You die...

....##..## #.>......##
.....##..###.........#
........###....##..###
........#####...####
.....#.###.......#####
.....#...........##..###
#......####.####..#....#
.......# #.# #O.....##
...#...# ##§## #@....##
...##..#########.....#
........§§#8#§......##
......°#########....#
#.#....# ##☼## #..#.##
###....# #§# #....(#
##.....####☼####.....##
..........○○○.........#
...............##.....#


You could see a two-headed ogre.

Vanquished Creatures
  Pargi (Sewer)
  2 water moccasin skeletons
  A centaur zombie (D:5)
  3 hounds (D:5)
  2 centaur skeletons
  A scorpion zombie (D:5)
  4 gnolls (D:3)
  8 adders
  A shadow imp (D:5)
  An ufetubus (D:5)
  3 dart slugs
  3 ball pythons
  4 bats
  4 endoplasms (D:1)
  4 giant cockroaches
  4 goblins
  4 hobgoblins (D:1)
  7 jackals
  7 kobolds
  3 quokkas
  6 frilled lizards
  4 rats
77 creatures vanquished.

Vanquished Creatures (others)
  A demonic plant (D:1)
1 creature vanquished.

Grand Total: 78 creatures vanquished

Notes
Turn   | Place    | Note
-------+----------+-------------------------------------------
     0 | D:1      | fragbeetle the Merfolk Gladiator began the quest for the
                  | Orb.
     0 | D:1      | Reached XP level 1. HP: 16/16 MP: 1/1
   197 | D:1      | Reached XP level 2. HP: 17/23 MP: 2/2
   629 | D:1      | Found a faded altar of an unknown god.
   629 | D:1      | Noticed a rust devil
   648 | D:1      | Reached XP level 3. HP: 28/28 MP: 3/3
  1210 | D:2      | Reached skill level 5 in Polearms
  1826 | D:2      | HP: 1/28 [poisoned by an adder]
  1831 | D:2      | Reached XP level 4. HP: 8/34 MP: 4/4
  2715 | D:3      | HP: 1/35 [gnoll (1)]
  3100 | D:3      | Found a glowing drain.
  3104 | Sewer    | Entered a sewer
  3276 | Sewer    | Noticed Pargi
  3296 | Sewer    | Killed Pargi
  3297 | Sewer    | Reached skill level 6 in Polearms
  3297 | Sewer    | Reached skill level 5 in Dodging
  3297 | Sewer    | Reached XP level 5. HP: 36/41 MP: 5/5
  3442 | D:3      | Noticed a sky beast
  3467 | D:4      | Found a stormy altar of Qazlal.
  3467 | D:4      | Found a sacrificial altar of Ru.
  3470 | D:4      | Became a worshipper of Qazlal Stormbringer
  3517 | D:4      | Reached XP level 6. HP: 35/47 MP: 6/6
  3952 | D:4      | Reached skill level 7 in Polearms
  3952 | D:4      | Noticed Menkaure
  3968 | D:5      | Entered Level 5 of the Dungeon
  4267 | D:5      | Reached XP level 7. HP: 54/54 MP: 7/7
  4385 | D:5      | Found a staircase to the Ecumenical Temple.
  4397 | D:5      | Noticed a two-headed ogre
  4531 | D:5      | Slain by a two-headed ogre

Illustrated notes

Levels and vault maps discovered:
D:1:      minmay_arrival_hallway, layout_loops_ring,
          dreamdust_ecumenical_altar_sealed_demon
D:2:      layout_basic
D:3:      layout_rooms, gup_sewer_entry_bowl, chequers_serial_rivers_small_b,
          minmay_distorted
D:4:      layout_cave_pools, gammafunk_temple_overflow_elements, uniq_menkaure
D:5:      layout_cave_pools, minmay_temple_entry_junction,
          gammafunk_ghost_mausoleum, lemuel_flamethrower_2

Skill      XL: |  1  2  3  4  5  6  7 |
---------------+----------------------+-----
Polearms       | 5 6 7 |  7.9
Fighting       | 3 4 |  4.3
Throwing       | 3 4 |  4.0
Dodging        | 5 6 |  6.0

Action                   |  1- 3 |  4- 6 |  7- 9 || total
-------------------------+-------+-------+-------++-------
Melee: Trident           |   117 |   198 |    26 ||   341
       Tailslap          |       |     1 |       ||     1
Throw: Stone             |       |     2 |       ||     2
       Dart              |       |       |     4 ||     4
  Use: Potion            |     1 |     1 |       ||     2
 Stab: Sleeping          |     1 |     1 |       ||     2
       Distracted        |       |     1 |       ||     1
Armor: Leather armour    |    24 |    72 |     5 ||   101
Dodge: Dodged            |    63 |   164 |    13 ||   240

Table legend: (Time is in decaauts)
 A = Elapsed time spent in this place.
 B = Non-inter-level travel time spent in this place.
 C = Inter-level travel time spent in this place.
 D = Time resting spent in this place.
 E = Time spent auto-exploring this place.
 F = Levels seen in this place.
 G = Mean time per level.
                   A        B        C        D        E       F      G
               +--------+--------+--------+--------+--------+-----+--------+
         Total |   4465 |   4313 |    152 |   1002 |   1661 |   6 |  744.2 |
       Dungeon |   4307 |   4155 |    152 |   1002 |   1661 |   5 |  861.4 |
         Sewer |    157 |    157 |      0 |      0 |      0 |   1 |  157.0 |
               +--------+--------+--------+--------+--------+-----+--------+

Top non-repeatable levels by time:
     D:2: 1776 daAuts
     D:1: 1176 daAuts
     D:3: 567 daAuts
     D:5: 558 daAuts
     D:4: 229 daAuts
   Sewer: 157 daAuts
